 Dungeon Crawl Stone Soup version 0.16.1-2-g95b8d4c (webtiles) character file.

19135 ImaNewbie the Unseen (level 12, -11/51 HPs)
             Began as a Spriggan Enchanter on Mar 25, 2015.
             Was an Elder of Dithmenos.
             Hit by a large rock thrown by a cyclops (30 damage)
             ... on level 12 of the Dungeon.
             The game lasted 02:02:13 (13908 turns).

ImaNewbie the Unseen (Spriggan Enchanter)          Turns: 13908, Time: 02:02:13

Health: -11/51     AC:  5    Str:  4    XL:     12   Next: 33%
Magic:  31/31      EV: 34    Int: 16    God:    Dithmenos [****..]
Gold:   677        SH:  0    Dex: 24    Spells: 6 memorised, 11 levels left

rFire  . . .     SeeInvis +     w - +2 rapier (speed)
rCold  + . .     Clarity  +     B - +2 robe {Archmagi}
rNeg   . . .     SustAb   .     (shield restricted)
rPois  +         Gourm    .     (helmet restricted)
rElec  .         Spirit   .     s - +0 cloak
rCorr  .         Warding  .     (gloves unavailable)
rMut   .         Stasis   .     (boots unavailable)
MR     ++...                    (no amulet)
Stlth  ++++++++++               F - ring of poison resistance
                                x - ring of protection from cold

@: wreathed by umbra, very quick, very resistant to hostile enchantments,
uncannily stealthy
A: unfitting armour, talons 1, see invisible, agile 1, clarity, herbivore 3,
speed 3, slow metabolism 2
a: Shadow Step, Renounce Religion


You were on level 12 of the Dungeon.
You worshipped Dithmenos.
Dithmenos was greatly pleased with you.
You were hungry.

You visited 2 branches of the dungeon, and saw 13 of its levels.
You also visited: Ossuary.

You collected 677 gold pieces.

Inventory:

Hand weapons
 a - a +2 dagger of venom
 b - a +0 blowgun
 w - a +2 rapier of speed (weapon)
 M - a +1 dagger of draining
Missiles
 f - 74 poisoned needles
Armour
 s - a +0 cloak (worn)
 y - a +1 robe of resistance
 B - a +2 robe of the Archmagi (worn)
Jewellery
 x - a ring of protection from cold (left hand)
 F - a ring of poison resistance (right hand)
Magical devices
 o - a wand of enslavement (12)
 p - a wand of magic darts (27)
 t - a wand of polymorph (17)
 C - a wand of slowing (24)
 I - a wand of frost (23)
 N - a wand of draining (7)
 T - a wand of frost (36)
Scrolls
 k - 2 scrolls of remove curse
 l - 4 scrolls of recharging
 m - 3 scrolls of teleportation
 q - a scroll of enchant armour
 u - 7 scrolls of identify
 A - 3 scrolls of magic mapping
 E - a scroll of holy word
 H - a scroll of random uselessness {unknown}
 K - 3 scrolls of fog
 P - a scroll of blinking
 Q - a scroll of torment {unknown}
Potions
 e - 2 potions of restore abilities
 g - a potion of lignification
 h - 4 potions of agility
 i - 5 potions of magic {unknown}
 j - 3 potions of might
 r - a potion of brilliance
 v - 3 potions of heal wounds
 z - a potion of resistance
 D - 9 potions of curing
 G - a potion of poison
 L - a potion of cancellation
 R - a potion of mutation
Books
 c - a book of Maledictions

   Spells                             Type                      Level
   a - Corona                         Hexes                        1
   b - Sure Blade                     Hexes/Charms                 2
   c - Ensorcelled Hibernation        Hexes/Ice                    2
   d - Confuse                        Hexes                        3
   e - Dazzling Spray                 Conjuration/Hexes            3
   f - Enslavement                    Hexes                        4
 S - a book of Beasts

   Spells                             Type                      Level
   a - Summon Butterflies             Summoning                    1
   b - Call Canine Familiar           Summoning                    3
   c - Summon Ice Beast               Ice/Summoning                4
   d - Summon Mana Viper              Hexes/Summoning              5
   e - Monstrous Menagerie            Summoning                    6
   f - Summon Hydra                   Summoning                    7
Comestibles
 d - 2 bread rations
 n - 33 fruits
 J - a slice of pizza
 O - a royal jelly


   Skills:
 - Level 10.0 Short Blades
 + Level 13.6 Dodging
 + Level 18.1 Stealth
 * Level 7.3 Spellcasting
 * Level 7.7 Hexes
 + Level 7.7 Evocations


You had 11 spell levels left.
You knew the following spells:

 Your Spells              Type           Power        Failure   Level  Hunger
a - Corona                Hex            #####..      1%          1    None
b - Ensorcelled Hibernat  Hex/Ice        ####..       4%          2    None
c - Confuse               Hex            #####...     1%          3    ##.....
d - Summon Butterflies    Summ           #.......     14%         1    None
e - Enslavement           Hex            #####...     6%          4    ####...
f - Dazzling Spray        Conj/Hex       ####....     10%         3    ##.....


Dungeon Overview and Level Annotations

Branches:
Dungeon (12/15)            Temple (1/1) D:6            Lair (0/8) D:9
    Orc (0/4) D:10

Altars:
Ashenzari
Cheibriados
Dithmenos
Elyvilon
Fedhas
Gozag
Kikubaaqudgha
Makhleb
Nemelex Xobeh
Okawaru
Qazlal
Ru
Sif Muna
Trog
Vehumet
Xom
Yredelemnul
Zin
The Shining One

Shops:
D:5 [

Annotations:
D:9 exclusions: player ghost and 1 more exclusion, Fv001's ghost, powerful MiBe
D:12 exclusions: door and 3 more exclusions, Grujah's ghost, mighty SpEn


Innate Abilities, Weirdness & Mutations

You are tiny and cannot use many weapons and most armour.
You have supernaturally acute eyesight.
You are a herbivore.
You cover ground extremely quickly.
You need consume almost no food.
You have sharp toenails.
You are agile. (Dex +2)
You possess an exceptional clarity of mind.


Message History

You now have 677 gold pieces (gained 13).
You open the door.
There is an open door here.
You open the door.
There is an open door here.
There is an open door here.
You see here 30 stones.
You see here an arrow.
A cyclops comes into view.
The cyclops shouts!
Press: ? - help, v - describe, . - travel, g - get item A shiny shield.
The floor.
This square is wreathed by an umbra.
The cyclops throws a large rock.
The large rock hits you!!
Ouch! That really hurt!
You emit a cloud of dark smoke.
The cyclops throws a large rock.
The large rock hits you!!
Ouch! That really hurt!
You die...

##.....#.###........#
.#.....')# #........#
.'.....### #######.##
##.....# ####.#
####### #....#
##.#### #.§§# #.#§#
#.#@# #.#§# #.#§.
#.###. ... .C #.# #.
#.# .#


You could see a cyclops.

Vanquished Creatures
  2 hydras
  5 skeletal warriors (D:12)
  Erolcha (D:10)
  7 hill giants
  2 cyclopes
  Joseph (D:7)
  2 gargoyles (D:10)
  A centaur skeleton (D:12)
  A two-headed ogre (D:8)
  Prince Ribbit (D:7)
  2 trolls
  A shadow (D:12)
  A trapdoor spider (D:12)
  A hungry ghost (D:9)
  Eustachio (D:4)
  6 yaks
  A steam dragon (D:10)
  2 hippogriffs
  5 orc warriors
  3 sky beasts
  2 water moccasins
  2 ice beasts
  5 ogres
  2 phantoms
  9 centaurs
  Sigmund (D:2)
  Duvessa (D:8)
  3 big kobolds
  A gnoll sergeant (D:7)
  A wyvern skeleton (D:12)
  3 scorpions
  A water moccasin zombie (D:8)
  7 giant frogs
  4 wights (D:6)
  13 killer bees
  An electric eel (D:11)
  Dowan (D:8)
  A goliath beetle (D:8)
  4 crimson imps
  5 centaur zombies
  4 hounds
  3 orc priests
  Crazy Yiuf (D:4)
  4 giant frog skeletons
  2 giant frog zombies
  5 iguanas
  2 jellies
  8 orc wizards
  8 worker ants
  Ijyb (D:7)
  Jessica (D:3)
  3 big kobold zombies (Ossuary)
  A hound skeleton (D:4)
  7 mummies
  A worker ant zombie (D:8)
  Robin (D:3)
  9 adders
  10 gnolls
  3 shadow imps (D:8)
  2 giant mites
  3 worms
  An adder skeleton (D:5)
  An ooze (D:7)
  68 orcs
  2 bat skeletons
  4 giant cockroaches
  17 hobgoblins
  13 jackals
  5 quokkas
  9 bats
  7 giant geckos
  6 giant newts
  23 goblins
  16 kobolds
  2 quokka skeletons
  22 rats
388 creatures vanquished.

Vanquished Creatures (others)
  A goliath beetle (D:6)
  A hobgoblin (D:4)
  A quokka (D:6)
  A giant newt (D:4)
4 creatures vanquished.

Grand Total: 392 creatures vanquished

Notes
Turn   | Place    | Note
--------------------------------------------------------------
     0 | D:1      | ImaNewbie, the Spriggan Enchanter, began the quest for the Orb.
     0 | D:1      | Reached XP level 1. HP: 9/9 MP: 4/4
   355 | D:1      | Reached XP level 2. HP: 13/13 MP: 8/8
   359 | D:1      | Learned a level 2 spell: Ensorcelled Hibernation
  1077 | D:1      | Reached XP level 3. HP: 8/16 MP: 11/11
  2019 | D:2      | Learned a level 3 spell: Confuse
  2193 | D:2      | Noticed Sigmund
  2208 | D:2      | Killed Sigmund
  2208 | D:2      | Reached skill level 5 in Hexes
  2208 | D:2      | Reached XP level 4. HP: 21/21 MP: 3/16
  2442 | D:3      | Reached XP level 5. HP: 11/24 MP: 15/18
  2777 | D:3      | Gained mutation: You are agile. (Dex +2) [potion of mutation]
  2777 | D:3      | Gained mutation: You possess an exceptional clarity of mind. [potion of mutation]
  2777 | D:3      | Gained mutation: You have sharp toenails. [potion of mutation]
  3038 | D:3      | Noticed Robin
  3262 | D:3      | Killed Robin
  3262 | D:3      | Reached skill level 5 in Spellcasting
  3282 | D:3      | Found a deep blue altar of Sif Muna.
  3613 | D:3      | Reached skill level 5 in Stealth
  3625 | D:3      | Noticed Jessica
  3631 | D:3      | Killed Jessica
  3912 | D:4      | Reached skill level 6 in Stealth
  3912 | D:4      | Reached XP level 6. HP: 21/28 MP: 21/21
  4063 | D:4      | Found a glowing silver altar of Zin.
  4063 | D:4      | Found a shimmering altar of Xom.
  4063 | D:4      | Noticed an angel
  4302 | D:4      | Noticed Eustachio
  4323 | D:4      | Killed Eustachio
  4323 | D:4      | Reached skill level 7 in Stealth
  4582 | D:4      | Reached XP level 7. HP: 32/32 MP: 22/22
  4642 | D:4      | Reached skill level 5 in Dodging
  4657 | D:4      | Noticed Crazy Yiuf
  4663 | D:4      | Killed Crazy Yiuf
  4663 | D:4      | Reached skill level 8 in Stealth
  4732 | D:4      | Noticed an ogre
  4754 | D:4      | Killed an ogre
  4813 | D:4      | Noticed an ogre
  4833 | D:4      | Killed an ogre
  4833 | D:4      | Reached skill level 9 in Stealth
  4908 | D:4      | Noticed an ogre
  4912 | D:4      | Killed an ogre
  5249 | D:5      | Entered Level 5 of the Dungeon
  5266 | D:5      | Reached XP level 8. HP: 28/36 MP: 24/24
  5574 | D:5      | Reached skill level 10 in Stealth
  5726 | D:5      | Found Oruenwar's Antique Armour Shoppe.
  6165 | D:6      | Reached skill level 5 in Short Blades
  6165 | D:6      | Reached skill level 11 in Stealth
  6725 | D:6      | Reached skill level 12 in Stealth
  6834 | D:6      | Reached XP level 9. HP: 31/39 MP: 25/25
  7393 | D:6      | Found a staircase to the Ecumenical Temple.
  7403 | Temple   | Entered the Ecumenical Temple
  7481 | Temple   | Became a worshipper of Dithmenos the Shadowed
  7796 | D:7      | Noticed Joseph
  8122 | D:7      | Noticed Ijyb
  8122 | D:7      | Noticed Prince Ribbit
  8129 | D:7      | Killed Ijyb
  8132 | D:7      | Killed Prince Ribbit
  8132 | D:7      | Reached skill level 13 in Stealth
  8160 | D:7      | Found a sand-covered staircase.
  8178 | Ossuary  | Entered an ossuary
  8670 | D:7      | Killed Joseph
  8749 | D:7      | Found a stormy altar of Qazlal.
  8751 | D:7      | Found a sparkling altar of Nemelex Xobeh.
  8751 | D:7      | Found a shattered altar of Ashenzari.
  8751 | D:7      | Found a burning altar of Makhleb.
  8754 | D:7      | Found a radiant altar of Vehumet.
  9051 | D:8      | Noticed Duvessa
  9051 | D:8      | Noticed Dowan
  9054 | D:8      | Killed Duvessa
  9059 | D:8      | Killed Dowan
  9067 | D:8      | Reached skill level 14 in Stealth
  9294 | D:8      | Noticed a cyclops
  9297 | D:8      | Killed a cyclops
  9297 | D:8      | Reached XP level 10. HP: 44/44 MP: 26/26
  9308 | D:8      | Reached skill level 10 in Dodging
  9446 | D:8      | Acquired Dithmenos' first power
  9702 | D:9      | Noticed Fv001's ghost (powerful MiBe)
 10170 | D:9      | You fall through a shaft for 2 floors!
 10170 | D:11     | Noticed a four-headed hydra
 10171 | D:11     | Killed a four-headed hydra
 10171 | D:11     | Reached skill level 15 in Stealth
 10309 | D:10     | Entered Level 10 of the Dungeon
 10604 | D:9      | Found a staircase to the Lair.
 11034 | D:10     | Noticed Erolcha
 11035 | D:10     | Noticed a hill giant
 11038 | D:10     | Killed Erolcha
 11038 | D:10     | Reached skill level 10 in Short Blades
 11038 | D:10     | Reached skill level 16 in Stealth
 11048 | D:10     | Killed a hill giant
 11048 | D:10     | Reached skill level 1 in Evocations
 11120 | D:10     | Reached XP level 11. HP: 44/47 MP: 27/27
 11150 | D:10     | Acquired Dithmenos' second power
 11277 | D:10     | Found a staircase to the Orcish Mines.
 11352 | D:10     | Noticed a hill giant
 11359 | D:10     | Killed a hill giant
 11961 | D:10     | Noticed a hill giant
 11961 | D:10     | Noticed a hill giant
 12262 | D:11     | Noticed a hill giant
 12265 | D:11     | Noticed a hill giant
 12284 | D:11     | Killed a hill giant
 12284 | D:11     | Reached skill level 17 in Stealth
 12293 | D:11     | Killed a hill giant
 12520 | D:11     | Noticed a cyclops
 12523 | D:11     | Killed a cyclops
 12672 | D:11     | Noticed a hill giant
 12690 | D:11     | Killed a hill giant
 12690 | D:11     | Acquired Dithmenos' third power
 12690 | D:11     | Reached skill level 5 in Evocations
 12892 | D:12     | Noticed a skeletal warrior
 12892 | D:12     | Noticed a skeletal warrior
 12892 | D:12     | Noticed a skeletal warrior
 12892 | D:12     | Noticed a skeletal warrior
 12892 | D:12     | Noticed a skeletal warrior
 12893 | D:12     | Killed a skeletal warrior
 12895 | D:12     | Killed a skeletal warrior
 12899 | D:12     | Killed a skeletal warrior
 12901 | D:12     | Killed a skeletal warrior
 12904 | D:12     | Killed a skeletal warrior
 13016 | D:12     | Reached XP level 12. HP: 51/51 MP: 27/30
 13076 | D:12     | Noticed a hill giant
 13090 | D:12     | Killed a hill giant
 13189 | D:12     | Reached skill level 18 in Stealth
 13355 | D:12     | Learned a level 1 spell: Summon Butterflies
 13360 | D:12     | Learned a level 4 spell: Enslavement
 13364 | D:12     | Learned a level 3 spell: Dazzling Spray
 13366 | D:12     | Noticed a hill giant
 13376 | D:12     | Killed a hill giant
 13406 | D:12     | Noticed Grujah's ghost (mighty SpEn)
 13636 | D:12     | Noticed an eight-headed hydra
 13643 | D:12     | Killed an eight-headed hydra
 13908 | D:12     | Hit by a large rock thrown by a cyclops

Action                   |  1- 3 |  4- 6 |  7- 9 | 10-12 || total
-------------------------+-------+-------+-------+-------++-------
Melee: Dagger            |   143 |   183 |   462 |   242 ||  1030
       Rapier            |       |     8 |    97 |   366 ||   471
 Fire: Blowgun           |       |       |    10 |       ||    10
 Cast: Ensorcelled Hiber |     2 |    20 |    24 |    27 ||    73
       Confuse           |     2 |     2 |    10 |    16 ||    30
       Corona            |       |       |     3 |       ||     3
Invok: Shadow Step       |       |       |       |     1 ||     1
  Use: Scroll            |       |    11 |     5 |     8 ||    24
       Potion            |       |     7 |     3 |     2 ||    12
 Stab: Sleeping          |    13 |    12 |    53 |    65 ||   143
       Distracted        |     1 |     3 |     3 |     3 ||    10
       Confused          |     2 |     1 |     5 |    10 ||    18
  Eat: Pizza             |       |     1 |     1 |       ||     2
       Bread ration      |       |       |     1 |     1 ||     2
